[Event "Tuesday Night Engine Tour 13 Rd Swiss 5m+1s Starts at 2200hrs"]
[Site "Infinity Chess"]
[Date "2018.1.30"]
[Round "2"]
[White "Coco69"]
[Black "Ryzen"]
[Result "1-0"]
[ECO "C50"]
[WhiteElo "2491"]
[BlackElo "2485"]
[WhiteEngine "Raubfisch X37c_CTG"]
[BlackEngine "Houdini 6"]
[EventType "Swiss"]
[WhiteTeam ""]
[BlackTeam ""]
[PlyCount "89"]
[TimeControl "300+1"]

1. e4 e5 2. Nf3 Nc6 3. Bc4 Bc5 4. O-O Nf6 5. d3 d6 6. c3 a5 7. Bg5 Ba7 
8. Nbd2 h6 9. Bh4 Qe7 10. Bb5 g5 11. Bg3 O-O 12. Nc4 Nh5 13. Bxc6 bxc6 
14. Nxa5 Nxg3 15. hxg3 Bd7 16. Qd2 f6 17. Nc4 h5 18. Ne3 Qh7 19. a4 h4 
20. g4 Bxe3 21. Qxe3 Bxg4 22. a5 Kf7 23. d4 h3 24. g3 Rfb8 25. b4 c5 
26. Nh2 exd4 27. cxd4 cxd4 28. Qxd4 c5 29. bxc5 dxc5 30. Qxc5 Be6 31. Rfe1 Qh8 
32. Qc7+ Kg6 33. f4 gxf4 34. gxf4 Kh6 35. Kh1 Qg7 36. Qxg7+ Kxg7 37. f5 Bc4 
38. Re3 Rb2 39. Rg3+ Kf7 40. Rc1 Rb4 41. Rxh3 Ke7 42. Ng4 Rxa5 43. Rh7+ Kd6 
44. Rd1+ Kc6 45. Nxf6 1-0

[Event "Tuesday Night Engine Tour 13 Rd Swiss 5m+1s Starts at 2200hrs"]
[Site "Infinity Chess"]
[Date "2018.1.30"]
[Round "2"]
[White "MGR"]
[Black "KULLANI"]
[Result "1/2-1/2"]
[ECO "C50"]
[WhiteElo "2515"]
[BlackElo "2514"]
[WhiteEngine "asmFishW_2017-08-25_bmi2"]
[BlackEngine "BrainFish_180124_x64_CTG"]
[EventType "Swiss"]
[WhiteTeam ""]
[BlackTeam ""]
[PlyCount "242"]
[TimeControl "300+1"]

1. e4 e5 2. Nf3 Nc6 3. Bc4 Bc5 4. O-O Nf6 5. d3 d6 6. c3 a5 7. Re1 Ba7 
8. Nbd2 O-O 9. Nf1 Be6 10. Bb5 Ne7 11. d4 exd4 12. Nxd4 Ng6 13. Ba4 c6 
14. Bc2 Re8 15. Ng3 Bd7 16. f4 b5 17. h3 b4 18. Be3 bxc3 19. bxc3 a4 20. Kh1 Bc5 
21. Qd2 a3 22. Rab1 h6 23. Rf1 Nf8 24. Rbd1 Qc7 25. Qd3 Ng6 26. Bc1 Bc8 
27. c4 Qb6 28. Qc3 Bxd4 29. Rxd4 c5 30. Rd2 Qb4 31. Qf3 Ba6 32. Rxd6 Bxc4 
33. Rg1 Ra6 34. Rxa6 Bxa6 35. Bxa3 Qd2 36. e5 Qxc2 37. exf6 Qd3 38. f5 Qxf3 
39. gxf3 Nh4 40. Ne4 g6 41. fxg6 Nxg6 42. Bxc5 Bb7 43. a4 Ra8 44. Ra1 Ra5 
45. Kh2 Bc6 46. Bb6 Rxa4 47. Rxa4 Bxa4 48. Kg3 Bc6 49. Bd4 h5 50. Nc5 Nf8 
51. Nd3 Ne6 52. Bb2 Bb5 53. Nb4 Nc5 54. Kh4 Bd7 55. Bc1 Be6 56. Be3 Nd7 
57. Bd4 Kh7 58. Kg3 Nb8 59. h4 Bc8 60. Nd5 Bb7 61. Ne7 Nc6 62. Bc3 Na7 
63. f4 Nc8 64. Bd4 Nd6 65. f5 Nc4 66. Kf4 Nd2 67. Ng6 Nf3 68. Bf2 Kg8 
69. Be3 Kh7 70. Kg3 Be4 71. Nf4 Ne1 72. Nxh5 Bxf5 73. Nf4 Bc2 74. Bf2 Nd3 
75. Nxd3 Bxd3 76. h5 Bb1 77. Be1 Kh6 78. Kg4 Ba2 79. Bd2+ Kh7 80. Kg5 Be6 
81. Bc1 Bd5 82. Bb2 Bc4 83. Bd4 Bd5 84. Kh4 Bf3 85. Bg1 Bd1 86. Bb6 Bc2 
87. Kg5 Be4 88. Bc7 Bd5 89. Bb8 Bc4 90. Ba7 Bd3 91. Bf2 Be4 92. Bh4 Bc6 
93. Kg4 Bd7+ 94. Kg5 Bc6 95. Be1 Bf3 96. Bb4 Be4 97. Bf8 Bd5 98. Ba3 Bf3 
99. Bd6 Bd5 100. Be7 Bf3 101. Bf8 Be4 102. Kf4 Bd5 103. Ba3 Kh6 104. Kg4 Bc4 
105. Bc1+ Kh7 106. Bd2 Be6+ 107. Kh4 Bd5 108. Bf4 Bc6 109. Kg3 Bd5 110. Bd6 Bc6 
111. Bf8 Bd5 112. Ba3 Bc6 113. Kf4 Bh1 114. Bc1 Bg2 115. Kg3 Bh1 116. Kg4 Bd5 
117. Kg3 Bh1 118. Kh4 Bf3 119. Bb2 Bd5 120. Kg3 Be6 121. h6 Kxh6 1/2-1/2

[Event "Tuesday Night Engine Tour 13 Rd Swiss 5m+1s Starts at 2200hrs"]
[Site "Infinity Chess"]
[Date "2018.1.30"]
[Round "2"]
[White "RonWeasley"]
[Black "Time_bandit"]
[Result "1/2-1/2"]
[ECO "C55"]
[WhiteElo "2520"]
[BlackElo "2542"]
[WhiteEngine "BrainFish 060118_CTG"]
[BlackEngine "asmfish-popcnt-012018-W"]
[EventType "Swiss"]
[WhiteTeam ""]
[BlackTeam ""]
[PlyCount "96"]
[TimeControl "300+1"]

1. e4 e5 2. Nf3 Nc6 3. Bc4 Nf6 4. d3 Bc5 5. c3 d6 6. Bb3 a6 7. Nbd2 O-O 
8. O-O Ba7 9. Re1 Ng4 10. Re2 Kh8 11. h3 Nh6 12. Nf1 f5 13. Bg5 Qd7 
14. Bxh6 gxh6 15. exf5 Qxf5 16. Ng3 Qf4 17. Nh5 Qf5 18. Ng3 Qf4 19. d4 Bxh3 
20. Re4 Qf6 21. Rh4 Be6 22. Qd2 Bxb3 23. axb3 exd4 24. cxd4 Rae8 25. Rxh6 Qf4 
26. Rd1 Qxd2 27. Rxd2 Rf4 28. Ne2 Rg4 29. Rh5 Rf8 30. Rd3 Bb6 31. Kf1 Kg7 
32. Nh2 Rg6 33. Rh4 Rgf6 34. Rg3+ Kh8 35. Nf3 R8f7 36. Kg1 Rf5 37. Rgh3 Kg8 
38. Rg4+ Rg7 39. Re4 Re7 40. Rg4+ Rg7 41. Re4 Re7 42. Rg4+ Kf8 43. Ng3 Rd5 
44. Rhh4 Rb5 45. Nh5 Rf5 46. Ng3 Rb5 47. Nh5 Rf5 48. Ng3 Rb5 1/2-1/2

[Event "Tuesday Night Engine Tour 13 Rd Swiss 5m+1s Starts at 2200hrs"]
[Site "Infinity Chess"]
[Date "2018.1.30"]
[Round "2"]
[White "MCDermont"]
[Black "Victorious"]
[Result "1/2-1/2"]
[ECO "C53"]
[WhiteElo "2545"]
[BlackElo "2549"]
[WhiteEngine "BrainFish 060118_CTG"]
[BlackEngine "BugChess2.41_Release"]
[EventType "Swiss"]
[WhiteTeam ""]
[BlackTeam ""]
[PlyCount "216"]
[TimeControl "300+1"]

1. e4 e5 2. Nf3 Nc6 3. Bc4 Bc5 4. c3 Nf6 5. d3 d6 6. Bb3 a6 7. Nbd2 O-O 
8. O-O Ba7 9. Re1 b5 10. Nf1 Na5 11. Bc2 c5 12. Bg5 h6 13. Bh4 Kh7 14. Ne3 g5 
15. Bg3 Nh5 16. Nd2 Ng7 17. Nf3 Nh5 18. Nd2 Ng7 19. Ndf1 Nc6 20. Nd5 f6 
21. Nfe3 Be6 22. f3 Kh8 23. a4 b4 24. Bf2 f5 25. exf5 Nxf5 26. Nxf5 Bxf5 
27. Ne3 Be6 28. Bb3 Qd7 29. Bc4 a5 30. Bb5 Rac8 31. h3 Qd8 32. Bc4 Qd7 
33. Rc1 Ne7 34. Bg3 Kg7 35. Qe2 Nf5 36. Bxe6 Qxe6 37. Nxf5+ Qxf5 38. Bf2 Qd7 
39. Qe4 Bb6 40. Qg4 Rc7 41. Be3 Ra7 42. Ra1 Bd8 43. Qe4 Qf7 44. c4 Bf6 
45. Rad1 Rd8 46. Kf1 Rf8 47. Rc1 Rd7 48. Red1 Rdd8 49. Ke2 Rg8 50. Rh1 h5 
51. b3 Be7 52. Rhd1 Rb8 53. Kd2 Qg6 54. Qc6 Qe8 55. Qe4 Qf7 56. Ke2 Qg6 
57. Rh1 Qxe4 58. dxe4 Kf7 59. Rcf1 Rbf8 60. Kf2 Rh8 61. Kg3 Rhg8 62. Kf2 Ke6 
63. g3 Rf7 64. Kg2 Rgf8 65. Rf2 h4 66. g4 Kd7 67. Rd1 Kc7 68. Rff1 Kc6 
69. Rd5 Bf6 70. Bd2 Be7 71. Rf2 Bf6 72. Bc1 Be7 73. Bd2 Bf6 74. Be3 Be7 
75. Rd3 Rg8 76. Rd5 Rd8 77. Rfd2 Kc7 78. Bf2 Rdf8 79. R2d3 Kb6 80. Be1 Rh8 
81. Bd2 Kc7 82. Kf2 Rhf8 83. Ke2 Rg7 84. Kf2 Rgg8 85. Be3 Rf7 86. Bc1 Rgf8 
87. Kg2 Rh7 88. Kf1 Rff7 89. Ke2 Rhg7 90. Be3 Rf8 91. Bc1 Rgf7 92. Bd2 Rd8 
93. Be3 Rc8 94. Rd1 Rd8 95. R1d3 Bf6 96. Bd2 Be7 97. Ke1 Rb8 98. Kf2 Rbf8 
99. Kg2 Kc6 100. Bc1 Kb7 101. Kf2 Kc6 102. Bb2 Rf6 103. Re3 Rg8 104. Bc1 Kd7 
105. Red3 Kc7 106. Bd2 Rff8 107. Be3 Rf7 108. Bd2 Rff8 1/2-1/2

[Event "Tuesday Night Engine Tour 13 Rd Swiss 5m+1s Starts at 2200hrs"]
[Site "Infinity Chess"]
[Date "2018.1.30"]
[Round "2"]
[White "incredible"]
[Black "MarioDeMonti"]
[Result "1/2-1/2"]
[ECO "D15"]
[WhiteElo "2506"]
[BlackElo "2535"]
[WhiteEngine "Stockfish_x64_bmi2"]
[BlackEngine "stockfish_x64_bmi2_2018_01_23_CTG"]
[EventType "Swiss"]
[WhiteTeam ""]
[BlackTeam ""]
[PlyCount "115"]
[TimeControl "300+1"]

1. d4 d5 2. c4 c6 3. Nf3 Nf6 4. Nc3 e6 5. Bg5 h6 6. Bxf6 Qxf6 7. e3 Nd7 
8. Bd3 dxc4 9. Bxc4 g6 10. O-O Bg7 11. e4 e5 12. d5 Nb6 13. Nd2 O-O 14. Bb3 h5 
15. Qe2 Bg4 16. f3 Bd7 17. Qf2 Qe7 18. Nc4 Nxc4 19. Bxc4 Qb4 20. Bb3 Rfd8 
21. Rad1 a5 22. dxc6 bxc6 23. Qh4 Qb6+ 24. Qf2 Qc7 25. Na4 Be8 26. Kh1 Bf8 
27. Qb6 Bd6 28. Qf2 Be7 29. Qb6 Qb8 30. Rxd8 Bxd8 31. Qf2 Kg7 32. Bc4 Bg5 
33. b3 Qa7 34. Nc5 Bd8 35. Na4 Qxf2 36. Rxf2 Bg5 37. Re2 Rd8 38. g3 Kf8 
39. Nc5 Rd1+ 40. Kg2 Bd8 41. Na4 g5 42. Rc2 Ke7 43. Be2 Ra1 44. Ba6 Kd7 
45. Be2 Ke7 46. Ba6 Kd7 47. Be2 Ke6 48. Ba6 Ke7 49. Bc4 h4 50. Rd2 Rc1 
51. gxh4 gxh4 52. Kh3 Rg1 53. Kxh4 Rg7 54. Nc5 Rh7+ 55. Kg3 Rg7+ 56. Kh4 Rh7+ 
57. Kg3 Rg7+ 58. Kh4 1/2-1/2

[Event "Tuesday Night Engine Tour 13 Rd Swiss 5m+1s Starts at 2200hrs"]
[Site "Infinity Chess"]
[Date "2018.1.30"]
[Round "1"]
[White "koalachess"]
[Black "incredible"]
[Result "0-1"]
[ECO "C64"]
[WhiteElo "2302"]
[BlackElo "2498"]
[WhiteEngine "asmFishW_2017-11-19_popcnt"]
[BlackEngine "Stockfish_x64_bmi2"]
[EventType "Swiss"]
[WhiteTeam ""]
[BlackTeam ""]
[PlyCount "110"]
[TimeControl "300+1"]

1. e4 e5 2. Nf3 Nc6 3. Bb5 Bc5 4. O-O Nd4 5. Nxd4 Bxd4 6. c3 Bb6 7. d4 c6 
8. Ba4 d6 9. Bc2 Nf6 10. Na3 Bc7 11. Bg5 h6 12. Bh4 g5 13. Bg3 Qe7 14. f3 h5 
15. h4 Nh7 16. Qe1 Nf8 17. hxg5 h4 18. Bh2 Bd7 19. Nc4 Be6 20. Ne3 Ng6 
21. f4 exf4 22. Rxf4 Nxf4 23. Bxf4 O-O-O 24. Nf5 Qd7 25. Nh6 h3 26. gxh3 f6 
27. gxf6 Rdf8 28. Qh4 Bd8 29. Bg5 Bxh3 30. Kf2 Be6 31. Rg1 Qg7 32. Nf5 Bxf6 
33. Nxd6+ Kd7 34. Bxf6 Rxf6+ 35. Nf5 Rxf5+ 36. exf5 Qxg1+ 37. Kxg1 Rxh4 
38. fxe6+ Kxe6 39. Bd1 Kf5 40. Bf3 Kf4 41. Kf2 Rh2+ 42. Bg2 a5 43. a4 Kg4 
44. b4 axb4 45. cxb4 Kf4 46. d5 cxd5 47. a5 d4 48. b5 d3 49. a6 bxa6 50. b6 Rh6 
51. Bf1 Rxb6 52. Bxd3 Rb2+ 53. Ke1 Ke3 54. Bf5 Rb5 55. Bc2 Ra5 0-1

[Event "Tuesday Night Engine Tour 13 Rd Swiss 5m+1s Starts at 2200hrs"]
[Site "Infinity Chess"]
[Date "2018.1.30"]
[Round "1"]
[White "KULLANI"]
[Black "BraveDevil"]
[Result "1/2-1/2"]
[ECO "C55"]
[WhiteElo "2517"]
[BlackElo "2446"]
[WhiteEngine "BrainFish_180124_x64_CTG"]
[BlackEngine "Cryptic AIL V2"]
[EventType "Swiss"]
[WhiteTeam ""]
[BlackTeam ""]
[PlyCount "147"]
[TimeControl "300+1"]

1. e4 e5 2. Nf3 Nc6 3. Bc4 Nf6 4. d3 Bc5 5. c3 d6 6. O-O O-O 7. Bg5 h6 8. Bh4 a5 
9. a4 g5 10. Bg3 Kg7 11. Na3 Be6 12. Bxe6 fxe6 13. Re1 Nh5 14. d4 Bxa3 
15. Rxa3 Nxg3 16. hxg3 Rf7 17. Qb3 Qd7 18. d5 Nd8 19. Nd2 b6 20. Qb5 h5 
21. b4 Kg6 22. Rea1 exd5 23. exd5 Qxb5 24. axb5 Nb7 25. f3 Rh8 26. Ra4 h4 
27. Kf2 hxg3+ 28. Kxg3 Rf4 29. Kf2 Rh2 30. bxa5 Nxa5 31. Rb4 Rh8 32. Ne4 g4 
33. Nd2 gxf3 34. Rxf4 exf4 35. Kxf3 Rh5 36. c4 Re5 37. Kxf4 Re2 38. Rd1 Rxg2 
39. Ke3 Rg3+ 40. Ke2 Rg2+ 41. Kf3 Rh2 42. Ke4 Rh4+ 43. Kd3 Rh3+ 44. Kc2 Rh4 
45. Kc3 Kf6 46. Rf1+ Ke7 47. Rf2 Rg4 48. Rf3 Kd8 49. Rh3 Kd7 50. Rh7+ Kc8 
51. Rf7 Kd8 52. Rf3 Kd7 53. Re3 Rh4 54. Kb4 Rg4 55. Ne4 Rf4 56. Nd2 Rh4 
57. Re6 Rh3 58. Rg6 Rd3 59. Rg2 Ke7 60. Rg7+ Kf6 61. Rg2 Kf5 62. Re2 Kg4 
63. Re4+ Kh3 64. Re2 Kg3 65. Ka4 Kg4 66. Kb4 Kg5 67. Rf2 Kg4 68. Re2 Kf4 
69. Re4+ Kg3 70. Re2 Kf4 71. Re4+ Kg3 72. Re2 Kh3 73. Rf2 Kg4 74. Re2 1/2-1/2

[Event "Tuesday Night Engine Tour 13 Rd Swiss 5m+1s Starts at 2200hrs"]
[Site "Infinity Chess"]
[Date "2018.1.30"]
[Round "1"]
[White "SkyPilot"]
[Black "MGR"]
[Result "1/2-1/2"]
[ECO "C11"]
[WhiteElo "2453"]
[BlackElo "2518"]
[WhiteEngine "stockfish_x64_bmi2_2018_01_23_CTG"]
[BlackEngine "asmFishW_2017-08-25_bmi2"]
[EventType "Swiss"]
[WhiteTeam ""]
[BlackTeam ""]
[PlyCount "112"]
[TimeControl "300+1"]

1. e4 e6 2. d4 d5 3. Nc3 Nf6 4. e5 Nfd7 5. f4 c5 6. Nf3 Nc6 7. Be3 cxd4 
8. Nxd4 Qb6 9. Be2 Bc5 10. Na4 Qa5+ 11. Nc3 Qb6 12. Na4 Qa5+ 13. c3 Nxd4 
14. Bxd4 Bxd4 15. Qxd4 b6 16. Bd1 Qa6 17. b3 O-O 18. Be2 Qa5 19. O-O Bb7 
20. Qb4 Qxb4 21. cxb4 Rfc8 22. Rac1 g5 23. g3 gxf4 24. gxf4 f6 25. Bb5 Rxc1 
26. Rxc1 Rc8 27. Rxc8+ Bxc8 28. exf6 Nxf6 29. Nc3 Kf7 30. Kf2 Ke7 31. Be2 Bd7 
32. Ke3 Be8 33. a3 Kd6 34. Kd4 Ng8 35. Bb5 Bg6 36. Bd3 Bxd3 37. Kxd3 Kd7 
38. b5 Nh6 39. Ne2 Ng4 40. h4 Kd6 41. Nd4 e5 42. fxe5+ Nxe5+ 43. Kc3 Ng6 
44. Nf3 h5 45. a4 Ke6 46. Kd4 Kf5 47. Kxd5 Kf4 48. Nd2 Nxh4 49. Kc6 Ng6 
50. Kb7 h4 51. Nf1 Ne7 52. Kxa7 Nd5 53. a5 bxa5 54. b6 Nf6 55. Ka6 Nd7 
56. Kxa5 Nxb6 1/2-1/2

[Event "Tuesday Night Engine Tour 13 Rd Swiss 5m+1s Starts at 2200hrs"]
[Site "Infinity Chess"]
[Date "2018.1.30"]
[Round "1"]
[White "MarioDeMonti"]
[Black "star99"]
[Result "1-0"]
[ECO "C55"]
[WhiteElo "2522"]
[BlackElo "2453"]
[WhiteEngine "stockfish_x64_bmi2_2018_01_23_CTG"]
[BlackEngine "Cryptic AIL V2"]
[EventType "Swiss"]
[WhiteTeam ""]
[BlackTeam ""]
[PlyCount "149"]
[TimeControl "300+1"]

1. e4 e5 2. Nf3 Nc6 3. Bc4 Nf6 4. d3 Be7 5. O-O O-O 6. Re1 d6 7. a4 Be6 
8. Nbd2 Nd7 9. a5 a6 10. Nf1 Nd4 11. Nxd4 exd4 12. Bxe6 fxe6 13. Qg4 e5 
14. Ng3 Kh8 15. Bd2 Nf6 16. Qd1 Nd7 17. Qg4 Nf6 18. Qe6 Qd7 19. Qa2 Rae8 
20. f3 Qb5 21. Rab1 g6 22. c3 Nh5 23. Nxh5 gxh5 24. cxd4 exd4 25. Qc4 Qxc4 
26. dxc4 h4 27. Kf2 h5 28. f4 Kg8 29. Kf3 Kf7 30. b4 Rg8 31. c5 Rd8 
32. cxd6 Rxd6 33. b5 Rdg6 34. Rg1 axb5 35. Rxb5 b6 36. a6 Bc5 37. f5 Rg4 
38. a7 h3 39. g3 Ra8 40. Ra1 c6 41. Rbb1 Rg7 42. Bf4 d3 43. Rd1 Ke8 44. Bb8 Rd7 
45. Ra6 Kf7 46. Kf4 Kg7 47. Kg5 Be3+ 48. Kxh5 c5 49. Rxb6 c4 50. Rg6+ Kh7 
51. Rc6 Bxa7 52. Be5 Rad8 53. Rxc4 Bb8 54. Bxb8 Rxb8 55. e5 Rb5 56. Re4 Rd8 
57. g4 Rbd5 58. g5 Rf8 59. f6 Rg8 60. Rg4 Rb8 61. g6+ Kg8 62. Re4 Kf8 
63. Kh6 Ke8 64. e6 Rf5 65. f7+ Ke7 66. Rxd3 Rh8+ 67. Kg7 Rd8 68. Rxd8 Kxd8 
69. f8=Q+ Rxf8 70. e7+ Kc7 71. exf8=Q Kc6 72. Qb4 Kd5 73. Qc4+ Kd6 74. Rd4+ Ke5 
75. Qd5# 1-0

[Event "Tuesday Night Engine Tour 13 Rd Swiss 5m+1s Starts at 2200hrs"]
[Site "Infinity Chess"]
[Date "2018.1.30"]
[Round "1"]
[White "Dovahkiin"]
[Black "RonWeasley"]
[Result "1/2-1/2"]
[ECO "C12"]
[WhiteElo "2459"]
[BlackElo "2523"]
[WhiteEngine "BrainFish_180128_x64_modern_CTG"]
[BlackEngine "BrainFish 060118_CTG"]
[EventType "Swiss"]
[WhiteTeam ""]
[BlackTeam ""]
[PlyCount "87"]
[TimeControl "300+1"]

1. e4 e6 2. d4 d5 3. Nc3 Nf6 4. Bg5 Bb4 5. e5 h6 6. Be3 Ne4 7. Qg4 g6 
8. a3 Bxc3+ 9. bxc3 Nxc3 10. Bd3 b6 11. Bd2 Na4 12. Rb1 Ba6 13. Bxg6 fxg6 
14. Qxe6+ Qe7 15. Qxd5 Qf7 16. Qxa8 Qc4 17. Be3 Ke7 18. Rb4 Qxc2 19. Rxa4 Qc3+ 
20. Kd1 Qb3+ 21. Ke1 Qxa4 22. Qe4 Qxa3 23. Ne2 Qb4+ 24. Bd2 Qc4 25. f3 Qxe2+ 
26. Qxe2 Bxe2 27. Kxe2 Ke6 28. Rc1 Rh7 29. Kd3 Kd5 30. Rb1 a6 31. Be3 g5 
32. h4 gxh4 33. Rh1 Rg7 34. Rxh4 Rxg2 35. Rxh6 Nc6 36. e6 Ne7 37. Bf4 c6 
38. Bc7 b5 39. Bd8 Kd6 40. f4 Rg3+ 41. Kd2 Rg2+ 42. Kd3 Rg3+ 43. Kd2 Rg2+ 
44. Kd3 1/2-1/2

[Event "Tuesday Night Engine Tour 13 Rd Swiss 5m+1s Starts at 2200hrs"]
[Site "Infinity Chess"]
[Date "2018.1.30"]
[Round "1"]
[White "Time_bandit"]
[Black "localhero"]
[Result "1/2-1/2"]
[ECO "D05"]
[WhiteElo "2545"]
[BlackElo "2468"]
[WhiteEngine "asmfish-popcnt-012018-W"]
[BlackEngine "asmfish-popcnt-012018-W"]
[EventType "Swiss"]
[WhiteTeam ""]
[BlackTeam ""]
[PlyCount "90"]
[TimeControl "300+1"]

1. d4 d5 2. Nf3 Nf6 3. e3 e6 4. Bd3 c5 5. b3 Nc6 6. O-O Bd6 7. dxc5 Bxc5 
8. Bb2 O-O 9. a3 a6 10. c4 dxc4 11. bxc4 Qc7 12. Qc2 h6 13. Rd1 Rd8 14. Nc3 Bd7 
15. Na4 Ba7 16. Nc3 Bc5 17. Rac1 Rac8 18. Na4 Ba7 19. Qb1 Ne7 20. Be5 Qa5 
21. Nc3 Bc6 22. Qb4 Qxb4 23. axb4 Ng4 24. Bd4 Bxf3 25. gxf3 Bxd4 26. fxg4 Bxc3 
27. Rxc3 Nc6 28. Rb1 Ne5 29. Be2 Rd2 30. Kf1 Rcd8 31. Rcc1 Ra2 32. Rd1 Rxd1+ 
33. Rxd1 g5 34. Rd8+ Kg7 35. Rb8 Ra1+ 36. Kg2 Ra2 37. Kf1 a5 38. Rxb7 axb4 
39. Rxb4 Ra1+ 40. Kg2 Ra2 41. Rb5 Kf6 42. Kf1 Ra1+ 43. Kg2 Ra2 44. Kf1 Ra1+ 
45. Kg2 Ra2 1/2-1/2

[Event "Tuesday Night Engine Tour 13 Rd Swiss 5m+1s Starts at 2200hrs"]
[Site "Infinity Chess"]
[Date "2018.1.30"]
[Round "1"]
[White "Ryzen"]
[Black "MCDermont"]
[Result "1/2-1/2"]
[ECO "E20"]
[WhiteElo "2482"]
[BlackElo "2548"]
[WhiteEngine "Houdini 6"]
[BlackEngine "BrainFish 060118_CTG"]
[EventType "Swiss"]
[WhiteTeam ""]
[BlackTeam ""]
[PlyCount "136"]
[TimeControl "300+1"]

1. d4 Nf6 2. c4 e6 3. Nc3 d5 4. Nf3 c6 5. Bg5 h6 6. Bxf6 Qxf6 7. e3 Nd7 
8. Be2 g6 9. O-O Be7 10. Rc1 O-O 11. Qc2 Qg7 12. a3 f5 13. g3 g5 14. Bd3 Bd6 
15. h4 Nf6 16. hxg5 hxg5 17. Kg2 g4 18. Nh4 Bd7 19. Ne2 Ne4 20. Nf4 Bxf4 
21. exf4 Be8 22. Bxe4 dxe4 23. Rfd1 Rd8 24. Qb3 Rd7 25. d5 exd5 26. cxd5 Rxd5 
27. Rxd5 Bf7 28. Nxf5 Bxd5 29. Qxd5+ cxd5 30. Nxg7 Kxg7 31. Rc5 Rd8 32. Kf1 Kf6 
33. Ke2 d4 34. Re5 d3+ 35. Kd2 Rc8 36. Rxe4 Rc2+ 37. Ke3 Rxb2 38. Kxd3 Rxf2 
39. Re3 a5 40. Ke4 a4 41. Rc3 Ra2 42. Kd4 Ra1 43. Rd3 Rf1 44. Ke4 Re1+ 
45. Re3 Rd1 46. Re2 Rb1 47. Re3 b5 48. Rc3 Re1+ 49. Kd4 Ra1 50. Rd3 Rg1 
51. Kc5 Rb1 52. Kd4 b4 53. axb4 Rxb4+ 54. Kc5 Rb3 55. Kc4 Rb1 56. Rc3 Ra1 
57. Kb4 Rb1+ 58. Kxa4 Rg1 59. Kb4 Rb1+ 60. Rb3 Rc1 61. Ka3 Kf5 62. Rb5+ Ke4 
63. Kb2 Rf1 64. Rc5 Kf3 65. Rc1 Rxc1 66. Kxc1 Kxg3 67. f5 Kh3 68. f6 g3 1/2-1/2

[Event "Tuesday Night Engine Tour 13 Rd Swiss 5m+1s Starts at 2200hrs"]
[Site "Infinity Chess"]
[Date "2018.1.30"]
[Round "1"]
[White "Victorious"]
[Black "Coco69"]
[Result "1/2-1/2"]
[ECO "C50"]
[WhiteElo "2552"]
[BlackElo "2488"]
[WhiteEngine "BugChess2.41_Release"]
[BlackEngine "Raubfisch X37c_CTG"]
[EventType "Swiss"]
[WhiteTeam ""]
[BlackTeam ""]
[PlyCount "101"]
[TimeControl "300+1"]

1. e4 e5 2. Nf3 Nc6 3. Bc4 Bc5 4. d3 Nf6 5. O-O d6 6. c3 a5 7. Nbd2 O-O 
8. a4 Ba7 9. Re1 h6 10. Nf1 Be6 11. Bxe6 fxe6 12. Qb3 Qe8 13. Be3 Bxe3 
14. fxe3 b6 15. Ng3 Nd8 16. Re2 Qg6 17. Rf1 Qg4 18. Ree1 Rb8 19. Qc4 c5 
20. Nh1 Qg6 21. Nf2 Rb7 22. Nd2 Qe8 23. Ra1 Rb8 24. Qb3 h5 25. Nh3 Nf7 
26. Rf3 Nh7 27. Nf2 b5 28. axb5 Rxb5 29. Qc2 Nhg5 30. Rg3 Qd8 31. Nf3 Nh7 
32. Rg6 Rb7 33. Rf1 c4 34. dxc4 Nfg5 35. Qe2 Rbf7 36. Kh1 Nxf3 37. gxf3 Ng5 
38. f4 exf4 39. exf4 Rxf4 40. Qxh5 Rxf2 41. Rxf2 Rxf2 42. Rxg5 Qf8 43. Rg3 a4 
44. Kg1 Rxb2 45. Rf3 Qe7 46. c5 a3 47. Rh3 Rb1+ 48. Kg2 Rb2+ 49. Kg1 Rb1+ 
50. Kg2 Rb2+ 51. Kg1 1/2-1/2

[Event "Tuesday Night Engine Tour 7 Rd Swiss 12m+1s Starts at 2200hrs ST"]
[Site "Infinity Chess"]
[Date "2018.1.17"]
[Round "7"]
[White "Zor"]
[Black "hafaba"]
[Result "1/2-1/2"]
[ECO "A40"]
[WhiteElo "2432"]
[BlackElo "2434"]
[WhiteEngine "Cryptic AIL V1"]
[BlackEngine "Stockfish SL 07012018 POPCNT_CTG"]
[EventType "Swiss"]
[WhiteTeam ""]
[BlackTeam ""]
[PlyCount "110"]
[TimeControl "720+1"]

1. d4 c6 2. e4 d5 3. Nc3 dxe4 4. Nxe4 Bf5 5. Ng3 Bg6 6. Nf3 Nf6 7. h4 h6 
8. Ne5 Bh7 9. Bd3 Bxd3 10. Qxd3 e6 11. Bf4 Qa5+ 12. c3 Nbd7 13. Nc4 Qd8 
14. Ne2 Be7 15. O-O-O O-O 16. g4 Nd5 17. g5 h5 18. Ne5 Nxf4 19. Nxf4 Nxe5 
20. dxe5 Qxd3 21. Rxd3 Rfd8 22. Rxd8+ Rxd8 23. Kc2 Bc5 24. Nd3 Bb6 25. b4 Rc8 
26. Rb1 Kh7 27. Kd2 Kg6 28. a4 Kf5 29. Ke2 Ra8 30. a5 Bc7 31. Rg1 b6 32. a6 Bxe5 
33. Nxe5 Kxe5 34. Rd1 f6 35. Rd7 fxg5 36. hxg5 g6 37. Rf7 c5 38. f3 cxb4 
39. cxb4 Rh8 40. Kf2 h4 41. Rxa7 h3 42. Kg1 Rh4 43. Kh2 Rxb4 44. Kxh3 Ra4 
45. Kg3 b5 46. Rb7 Rxa6 47. Rxb5+ Kd6 48. f4 Ra3+ 49. Kf2 Ra1 50. Rb2 e5 
51. Rb6+ Kd5 52. Rxg6 exf4 53. Rb6 Kc5 54. Rb8 Kd4 55. g6 Ra7 1/2-1/2

[Event "Tuesday Night Engine Tour 7 Rd Swiss 12m+1s Starts at 2200hrs ST"]
[Site "Infinity Chess"]
[Date "2018.1.17"]
[Round "7"]
[White "star99"]
[Black "incredible"]
[Result "1/2-1/2"]
[ECO "B28"]
[WhiteElo "2435"]
[BlackElo "2447"]
[WhiteEngine "Cryptic AIL V1"]
[BlackEngine "Stockfish_x64_bmi2"]
[EventType "Swiss"]
[WhiteTeam ""]
[BlackTeam ""]
[PlyCount "46"]
[TimeControl "720+1"]

1. e4 c5 2. Nf3 a6 3. c3 d6 4. d4 Nf6 5. Bd3 Bg4 6. Be3 e6 7. Nbd2 Bh5 8. h3 Nc6 
9. O-O Be7 10. Qb1 Bg6 11. dxc5 dxc5 12. Bf4 O-O 13. Nc4 b5 14. Nce5 Nxe5 
15. Nxe5 Qb6 16. c4 Rfd8 17. a4 bxc4 18. Nxc4 Qb4 19. Rc1 Qb7 20. Na5 Qb6 
21. Nc4 Qb7 22. Na5 Qb6 23. Nc4 Qb7 1/2-1/2

[Event "Tuesday Night Engine Tour 7 Rd Swiss 12m+1s Starts at 2200hrs ST"]
[Site "Infinity Chess"]
[Date "2018.1.17"]
[Round "7"]
[White "Thor"]
[Black "BlitzMaster"]
[Result "1/2-1/2"]
[ECO "C58"]
[WhiteElo "2452"]
[BlackElo "2463"]
[WhiteEngine "asmFishW_2017-11-19_bmi2"]
[BlackEngine "komodo-11.2.2-64bit"]
[EventType "Swiss"]
[WhiteTeam ""]
[BlackTeam ""]
[PlyCount "93"]
[TimeControl "720+1"]

1. e4 e5 2. Nf3 Nc6 3. Bc4 Nf6 4. Ng5 d5 5. exd5 Na5 6. Bb5+ Bd7 7. Qe2 Be7 
8. Nf3 Nxd5 9. Nxe5 c6 10. Bd3 Nf4 11. Qe4 Nxd3+ 12. Qxd3 Be6 13. Qxd8+ Rxd8 
14. d3 Bd6 15. Nf3 c5 16. Ng5 Bf5 17. Bd2 Nc6 18. Ne4 Be5 19. Bc3 Nd4 20. Na3 b6 
21. Bxd4 cxd4 22. O-O Bb8 23. Ng5 O-O 24. Nc4 f6 25. Nf3 Bc8 26. Rfe1 Bb7 
27. Re2 Bxf3 28. gxf3 Rfe8 29. Rae1 Rxe2 30. Rxe2 Kf7 31. a4 Rd5 32. Re4 Bc7 
33. b4 Rd8 34. Kg2 f5 35. Re2 Re8 36. Rxe8 Kxe8 37. Nd2 Ke7 38. Nb3 Be5 
39. f4 Bf6 40. b5 Ke6 41. h4 g6 42. Kf3 Kd5 43. Kg3 Be7 44. Kh3 Bf6 45. Kg3 Ke6 
46. Kh3 Kd5 47. Kg3 1/2-1/2

[Event "Tuesday Night Engine Tour 7 Rd Swiss 12m+1s Starts at 2200hrs ST"]
[Site "Infinity Chess"]
[Date "2018.1.17"]
[Round "7"]
[White "Eman"]
[Black "tris77"]
[Result "1-0"]
[ECO "C77"]
[WhiteElo "2461"]
[BlackElo "2340"]
[WhiteEngine "Eman 1.62 64-bit POPCNT"]
[BlackEngine "stockfish_8_x64_popcnt_CTG"]
[EventType "Swiss"]
[WhiteTeam ""]
[BlackTeam ""]
[PlyCount "199"]
[TimeControl "720+1"]

1. e4 e5 2. Nf3 Nc6 3. Bb5 a6 4. Ba4 Nf6 5. O-O Be7 6. Re1 b5 7. Bb3 O-O 
8. c3 d6 9. h3 Na5 10. Bc2 c5 11. d4 Qc7 12. d5 Bd7 13. b3 Nb7 14. c4 Rfe8 
15. Nc3 Na5 16. Bd3 Rab8 17. Ne2 h6 18. Ng3 Nh7 19. Bd2 Ng5 20. Nh2 Nh7 
21. Bc3 g6 22. Rf1 Bg5 23. Nf3 Bf6 24. Bd2 h5 25. Re1 Qd8 26. Qc1 Ra8 
27. Rb1 Qc7 28. Nf1 Reb8 29. Qd1 Bd8 30. Ng3 Qc8 31. Nh2 Qc7 32. Rf1 Ra7 
33. f4 exf4 34. Bxf4 h4 35. Nh1 Nf6 36. Bd2 Nh5 37. Qf3 Bf6 38. g4 hxg3 
39. Nxg3 Bd4+ 40. Kg2 Nf6 41. e5 Bxe5 42. Rbe1 Nc6 43. Ne4 Nxe4 44. Bxe4 Bf5 
45. dxc6 Bxe4 46. Qxe4 Rc8 47. Ng4 Qxc6 48. Qxc6 Rxc6 49. Nxe5 dxe5 
50. Rxe5 bxc4 51. bxc4 Rac7 52. Re8+ Kg7 53. Bc3+ f6 54. Rxf6 Rxf6 55. Re6 Rd7 
56. Rxf6 Kh6 57. Rxa6 Kg5 58. Rc6 Kf4 59. Rxc5 Ra7 60. Ra5 Re7 61. Be5+ Ke4 
62. Bd6 Rd7 63. Re5+ Kd3 64. c5 Kd4 65. a4 Rd8 66. a5 Rd7 67. c6 Rxd6 68. c7 Rc6 
69. Rg5 Rxc7 70. Rxg6 Ke4 71. Rg4+ Kd5 72. Ra4 Ra7 73. a6 Kc6 74. h4 Kb5 
75. Ra1 Kc6 76. h5 Kc7 77. h6 Kb8 78. Rh1 Rh7 79. Kf3 Ka7 80. Kg4 Kxa6 
81. Kg5 Kb5 82. Kg6 Rh8 83. h7 Kc5 84. Kg7 Ra8 85. h8=Q Rxh8 86. Rxh8 Kd5 
87. Rh4 Ke5 88. Kg6 Ke6 89. Rh5 Ke7 90. Re5+ Kd7 91. Kf7 Kd6 92. Rf5 Kd7 
93. Rf6 Kd8 94. Ke6 Kc7 95. Ke7 Kc8 96. Kd6 Kb7 97. Kd7 Kb8 98. Kc6 Ka7 
99. Rf8 Ka6 100. Ra8# 1-0